 Dungeon Crawl Stone Soup version 0.30-a0-1075-gcd70e7a56d (webtiles) character file.

Game seed: 15587477785542450140

109720 Newt the Markskobold (level 17, -9/97 HPs)
             Began as a Kobold Hunter on Apr 14, 2023.
             Was a High Priest of Hepliaklqana.
             Killed from afar by a frost giant (72 damage)
             ... with a bolt of cold
             ... on level 2 of the Shoals.
             The game lasted 00:31:31 (21732 turns).

Newt the Markskobold (Kobold Hunter)               Turns: 21732, Time: 00:31:32

Health: -9/97      AC: 20    Str: 16    XL:     17   Next: 8%
Magic:  22/26      EV: 28    Int: 14    God:    Hepliaklqana [*****.]
Gold:   1852       SH:  0    Dex: 25    Spells: 16/28 levels left

rFire   . . .      SeeInvis .    q - +8 arbalest (elec)
rCold   x . .      Faith    .    (shield currently unavailable)
rNeg    + . .      Spirit   .    Q - +4 troll leather armour
rPois   +          Reflect  .    g - +1 helmet
rElec   .          Rampage  .    Z - +2 ratskin cloak {*Rats rPois rN+ Str-1 Int-1 Dex+1}
rCorr   +                        V - +2 pair of gloves
Will    ++...                    c - +0 pair of boots
Stlth   +++                      I - amulet of Yradabb {Regen+ Str+8}
HPRegen 1.96/turn                C - ring "Meassug" {rPois rCorr MP-9 Int+3}
MPRegen 0.20/turn                O - ring of magical power

@: liquefying, slowed movement, very slow
A: reduced essence, small, no large weapons, nightstalker 3, iridescent scales
1, strong-willed 1, robust 1, cold vulnerability 1
a: Renounce Religion, Recall Ancestor, Ancestor Identity, Transference, Idealise


You were on level 2 of the Shoals.
You worshipped Hepliaklqana.
Hepliaklqana was extremely pleased with you.
You visited 5 branches of the dungeon, and saw 22 of its levels.
You also visited: Bailey, Gauntlet and Volcano.

You collected 2559 gold pieces.
You spent 707 gold pieces at shops.

Inventory:

Hand Weapons
 a - a +0 shortbow
 q - a +8 arbalest of electrocution (weapon)
Missiles
 W - 2 throwing nets
Armour
 c - a +0 pair of boots (worn)
 g - a +1 helmet (worn)
 j - a +2 leather armour of fire resistance
 k - a +0 pair of gloves
 Q - a +4 troll leather armour (worn)
 T - a +2 cloak of poison resistance
 V - a +2 pair of gloves (worn)
 Z - the +2 ratskin cloak (worn) {*Rats rPois rN+ Str-1 Int-1 Dex+1}
   (You found it on level 11 of the Dungeon)

   *Rats:     When the wearer is hurt, rats may emerge from it to assist them.
   Str:       It affects your strength (-1).
   Int:       It affects your intelligence (-1).
   Dex:       It affects your dexterity (+1).
   rPois:     It protects you from poison.
   rN:        It protects you from negative energy.
Jewellery
 o - a ring of poison resistance
 y - an amulet of guardian spirit
 C - the ring "Meassug" (left hand) {rPois rCorr MP-9 Int+3}
   (You found it on level 8 of the Dungeon)

   [ring of resist corrosion]

   Int:       It affects your intelligence (+3).
   rPois:     It protects you from poison.
   MP:        It affects your magic capacity (-9).
   rCorr:     It protects you from acid and corrosion.
 I - the amulet of Yradabb (around neck) {Regen+ Str+8}
   (You acquired it on level 5 of the Lair of Beasts)

   [amulet of regeneration]

   Str:       It affects your strength (+8).
   Regen:     It increases your rate of health regeneration.
 O - a ring of magical power (right hand)
 U - the ring "Qaadoeh" {Fly rElec}
   (You found it in a Gauntlet)

   [ring of flight]

   rElec:     It insulates you from electricity.
   Fly:       It grants you flight.
 Y - a ring of resist corrosion
Wands
 D - a wand of flame (43)
 E - a wand of polymorph (5)
 G - a wand of paralysis (16)
 J - a wand of mindburst (7)
 L - a wand of light (10)
 N - a wand of iceblast (13)
Scrolls
 f - 6 scrolls of fog
 l - 6 scrolls of fear
 m - 13 scrolls of teleportation
 p - 3 scrolls of immolation
 s - a scroll of blinking
 t - 6 scrolls of enchant armour
 B - a scroll of amnesia
 F - 2 scrolls of silence
 H - 5 scrolls of identify
 K - 6 scrolls of poison
 R - 2 scrolls of brand weapon
 X - 2 scrolls of magic mapping
Potions
 b - 6 potions of heal wounds
 d - 7 potions of curing
 e - 2 potions of magic
 h - 5 potions of might
 i - 4 potions of ambrosia
 n - 3 potions of invisibility
 r - 3 potions of resistance
 u - 7 potions of lignification
 v - 3 potions of mutation
 w - 2 potions of cancellation
 x - 2 potions of flight
 z - 3 potions of haste
 A - 2 potions of brilliance
Miscellaneous
 M - a box of beasts
 P - a tin of tremorstones (2/2)
 S - a phantom mirror


   Skills:
 - Level 8.0 Fighting
 - Level 19.0 Ranged Weapons
 - Level 5.0 Armour
 - Level 14.0 Dodging
 - Level 1.3 Stealth
 - Level 6.0 Spellcasting
 - Level 7.1 Hexes
 + Level 8.9 Summonings
 - Level 6.7 Translocations
 - Level 7.1 Transmutations
 - Level 7.9 Earth Magic
 - Level 9.0 Invocations
 - Level 10.0 Evocations


You had 16 spell levels left.
You knew the following spells:

 Your Spells              Type           Power      Damage    Failure   Level
a - Portal Projectile     Hex/Tloc       46%        N/A       3%          3
b - Leda's Liquefaction   Hex/Erth       12%        N/A       9%          4
c - Summon Mana Viper     Hex/Summ       26%        N/A       19%         5

Your spell library contained the following spells:

 Spells                   Type           Power      Damage    Failure   Level
 Summon Small Mammal      Summ           100%       N/A       1%          1
 Call Canine Familiar     Summ           29%        N/A       1%          3
 Animate Armour           Summ/Erth      54%        N/A       6%          4
 Ignite Poison            Fire/Tmut/Pois 10%        N/A       22%         3
 Cigotuvi's Dreadful Rot  Necr/Pois/Air  8%         N/A       28%         2
 Freezing Cloud           Conj/Ice/Air   2%         6-21      99%         5
 Summon Hydra             Summ           14%        N/A       99%         7


Dungeon Overview and Level Annotations

Branches:
Dungeon (12/15)            Temple (1/1) D:6            Lair (5/5) D:11
 Shoals (2/4) Lair:2       Spider (0/4) Lair:2        Slime (0/5) Lair:4
    Orc (2/2) D:12            Elf (0/3) Orc:2        Bailey (visited)
Volcano (visited)         Gauntlet (visited)

Altars:
Ashenzari
Cheibriados
Dithmenos
Elyvilon
Fedhas
Gozag
Hepliaklqana
Kikubaaqudgha
Makhleb
Nemelex Xobeh
Okawaru
Qazlal
Ru
Sif Muna
Trog
Uskayaw
Vehumet
Wu Jian
Xom
Yredelemnul
Zin
The Shining One
Jiyva

Shops:
D:3 (([   D:8 !*?[?   D:9 *   Orc:2 ([![=

Annotations:
D:6 2 transporters, roninjake's ghost, novice GnCj


Innate Abilities, Weirdness & Mutations

Your life essence is reduced to manifest your ancestor. (-10% HP)
You are small and have problems with some larger weapons.
You are completely attuned to the shadows.
You are partially covered in iridescent scales. (AC +2)
You are strong-willed. (Will+)
You are robust. (+10% HP)
You are vulnerable to cold. (rC-)


Message History

The frost giant hits you with a +2 battleaxe of freezing!
The frost giant freezes you.
The frost giant hits Aula with a +2 battleaxe of freezing.
You shoot a bolt. The bolt hits the frost giant.
The frost giant is moderately wounded.
Aula hits the frost giant with a +0 broad axe of flaming!
Aula burns the frost giant.
The frost giant completely misses you.
The frost giant completely misses Aula.
You shoot a bolt. The bolt hits the frost giant.
The frost giant is heavily wounded.
The frost giant hits you with a +2 battleaxe of freezing!!
The frost giant freezes you!
Aula blocks the frost giant's attack.
Aula hits the frost giant but does no damage.
You are too injured to fight recklessly!
Unknown command.
Casting: Portal Projectile (mildly dangerous; 3% risk of failure)
Confirm with . or Enter, or press ? or * to list all spells.
The ground around you becomes liquefied!
The frost giant hits you with a +2 battleaxe of freezing!!
* * * LOW HITPOINT WARNING * * *
A hell rat scurries out from under your cloak.
The frost giant freezes you.
* * * LOW HITPOINT WARNING * * *
Aula blocks the frost giant's attack.
Unknown command.
Unknown command.
You feel much better. The frost giant completely misses you.
The frost giant hits Aula with a +2 battleaxe of freezing!
The frost giant freezes Aula.
Aula hits the frost giant with a +0 broad axe of flaming!
Aula burns the frost giant.
Unknown command.
You shoot a bolt.
The bolt hits the frost giant but does no damage.
Lightning courses through the frost giant!
The frost giant is almost dead.
The frost giant points at you and mumbles some strange words.
The bolt of cold hits you!!!!
You feel a terrible chill!
Ouch! That really hurt!
You die...

≈≈≈~~~~~##
##.†....~≈≈ ≈≈≈≈~~~##
#......~~≈ ≈≈≈≈~~##
##....~.~~≈ ≈≈≈≈~~#
#..~ #....~~P~~≈
≈≈≈≈~~# ##..~#
##..~~P~~≈≈ ≈≈≈≈≈~#
#...#####..~~~~P≈≈
≈≈≈≈≈~#
.###R.###~~'..~~~~P≈≈
≈≈≈≈~~#
.##~C###~~##~~~~~
≈≈≈≈~~#
.##r@##~~###~~~~~
≈≈≈≈~# 8##~.#8~~#
~~~~~≈ ≈≈≈≈~##
##....~##~~≈≈≈≈
≈≈≈≈~~##
####~..~##≈≈≈≈≈≈≈
≈≈≈≈~..## ##.####(##
≈≈≈~~~..###..~~####
≈≈≈~~.###..~~~~≈#
≈≈≈~~r# #..~~~~≈≈
≈≈~~r###.†~~~≈≈≈


You could see the friendly Aula the knight, a frost giant (struggling, ally
target) and a friendly hell rat.

Vanquished Creatures
  Jorgrun (Orc:2)
  Frances (Shoals:1)
  A kraken (Shoals:2)
  The ghost of avangion the Earth Mage, a journeyman DECj of Vehumet (Lair:2)
  A merfolk javelineer (Shoals:2)
  A great orb of eyes (Gauntlet)
  Erolcha (D:11)
  3 catoblepae (Lair:5)
  2 hydras (Lair:5)
  A centaur warrior (Shoals:1)
  A two-headed ogre (D:11)
  A merfolk avatar (Shoals:1)
  A satyr (Shoals:2)
  Erica (Lair:2)
  16 death yaks
  A dancing weapon (Lair:2)
  5 orc high priests (Orc:2)
  Sonja (Lair:2)
  A pharaoh ant (Lair:2)
  3 skysharks
  A fire crab (Lair:5)
  4 sea snakes
  A deep elf archer (Volcano)
  Lodul (D:11)
  An orange crystal statue (Gauntlet)
  4 orc knights (Orc:2)
  6 deep elf pyromancers
  Pikel (D:6)
  3 ugly things
  An oklob plant (Lair:1)
  6 manticores
  5 cyclopes
  6 fauns
  2 orc sorcerers (Orc:2)
  7 elephants
  2 merfolk sirens (Shoals:1)
  Maurice (D:8)
  6 black mambas
  10 cane toads
  2 water nymphs
  6 komodo dragons
  A gargoyle (D:12)
  Psyche (D:11)
  A kobold demonologist (D:12)
  4 rime drakes
  4 trolls
  5 merfolk
  A hornet (D:10)
  A nameless horror (Shoals:2)
  4 polar bears
  6 blink frogs
  3 snapping turtles
  2 wind drakes
  2 jumping spiders (Lair:2)
  29 dream sheep
  Sigmund (D:2)
  A wraith (D:11)
  A vampire (D:12)
  A wyvern (D:9)
  4 basilisks
  A water elemental (Shoals:1)
  61 yaks
  2 fire elementals (Volcano)
  Eustachio (D:5)
  A steam dragon (D:8)
  Grum (D:8)
  A redback (Lair:2)
  A warg (Orc:2)
  3 acid dragons
  7 hell hounds (Volcano)
  16 water moccasins
  31 orc warriors
  3 black bears
  A sky beast (D:8)
  17 ogres
  17 wolves
  4 boggarts (Lair:5)
  8 centaurs
  2 phantoms
  A lemure (D:6)
  2 kobold brigands
  17 bullfrogs
  Blork the orc (D:6)
  2 scorpions
  5 gnoll sergeants
  5 wights (D:9)
  39 killer bees
  3 electric eels (Lair:3)
  5 howler monkeys
  4 hounds
  18 orc priests
  Crazy Yiuf (D:4)
  5 iguanas
  2 jellies (D:7)
  Jessica (D:2)
  12 orc wizards
  3 hell rats (Lair:3)
  5 adders
  21 gnolls
  A shadow imp (D:3)
  3 ufetubi
  3 dart slugs
  69 orcs
  7 endoplasms
  2 giant cockroaches
  10 goblins
  6 hobgoblins
  2 jackals (D:4)
  3 quokkas
  4 ball pythons
  6 bats
  4 frilled lizards
  10 kobolds
  4 rats
656 creatures vanquished.

Vanquished Creatures (collateral kills)
  A minotaur (Gauntlet)
  A two-headed ogre (Orc:2)
  2 death yaks
  Nergalle (Lair:1)
  A skyshark (Lair:5)
  3 sea snakes
  2 orc knights (Orc:2)
  2 deep elf pyromancers (Volcano)
  2 cyclopes
  A water nymph (Shoals:2)
  2 black mambas
  An elephant (Lair:2)
  A rime drake (Lair:4)
  A troll (D:12)
  3 merfolk
  A polar bear (Lair:2)
  4 blink frogs
  12 dream sheep
  11 yaks
  A fire elemental (Volcano)
  A hell hound (Volcano)
  A water moccasin (Lair:5)
  5 orc warriors (Orc:2)
  3 wolves
  4 bullfrogs (Lair:2)
  A killer bee (Lair:1)
  8 orc priests (Orc:2)
  2 hell rats (Lair:3)
  A gnoll (D:12)
  13 orcs
  A tentacle (Shoals:2)
93 creatures vanquished.

Vanquished Creatures (others)
  12 knights
  3 ancestors
  2 bushes
  14 demonic plants (Gauntlet)
  43 fungi
  62 plants
  3 tentacles (Shoals:2)
  14 withered plants (Lair:2)
153 creatures vanquished.

Grand Total: 902 creatures vanquished

Notes
Turn   | Place    | Note
-------+----------+-------------------------------------------
     0 | D:1      | Newt the Kobold Hunter began the quest for the Orb.
     0 | D:1      | Reached XP level 1. HP: 12/12 MP: 1/1
   115 | D:1      | Reached XP level 2. HP: 18/18 MP: 2/2
   580 | D:1      | Reached XP level 3. HP: 23/23 MP: 3/3
  1244 | D:2      | Noticed Jessica
  1249 | D:2      | Killed Jessica
  1250 | D:2      | Reached XP level 4. HP: 29/30 MP: 4/4
  1339 | D:2      | Noticed Sigmund
  1342 | D:2      | Killed Sigmund
  1343 | D:2      | Reached skill level 5 in Fighting
  1343 | D:2      | Reached skill level 7 in Ranged Weapons
  1343 | D:2      | Reached XP level 5. HP: 35/35 MP: 5/5
  1343 | D:2      | Reached XP level 6. HP: 40/40 MP: 6/6
  1950 | D:3      | Found Ipiusk's Antique Armour Shoppe.
  1968 | D:3      | Found Leys's Antique Weapon Boutique.
  2206 | D:3      | Found Qeifous's Weapon Boutique.
  2254 | D:3      | Bought a runed arbalest for 157 gold pieces
  2288 | D:3      | Noticed an ogre
  2290 | D:3      | Killed an ogre
  2291 | D:3      | Reached skill level 8 in Ranged Weapons
  2347 | D:3      | Found a white marble altar of Elyvilon.
  2547 | D:4      | Noticed a black bear
  2551 | D:4      | Killed a black bear
  2552 | D:4      | Reached skill level 9 in Ranged Weapons
  2552 | D:4      | Reached XP level 7. HP: 44/44 MP: 7/7
  2636 | D:4      | Reached skill level 10 in Ranged Weapons
  3247 | D:4      | Found a snail-covered altar of Cheibriados.
  3290 | D:4      | Found a runed translucent door.
  3293 | D:4      | Noticed Crazy Yiuf
  3296 | D:4      | Killed Crazy Yiuf
  3297 | D:4      | Reached XP level 8. HP: 49/49 MP: 8/8
  3352 | D:5      | Entered Level 5 of the Dungeon
  3390 | D:5      | Noticed Eustachio
  3741 | D:5      | Found a sacrificial altar of Ru.
  3794 | D:5      | Reached skill level 5 in Dodging
  3856 | D:5      | Noticed a +0 short sword
  3857 | D:5      | Noticed a +0 dagger
  3858 | D:5      | Noticed a +0 spear
  3859 | D:5      | Noticed a +0 falchion
  3859 | D:5      | Noticed a +0 dagger
  3859 | D:5      | Noticed a +0 spear
  3860 | D:5      | Noticed a +0 falchion
  3860 | D:5      | Noticed a +0 short sword
  3997 | D:5      | Found a hide-covered altar of Uskayaw.
  4146 | D:5      | Killed Eustachio
  4147 | D:5      | Reached skill level 11 in Ranged Weapons
  4355 | D:6      | Found a staircase to the Ecumenical Temple.
  4360 | Temple   | Entered the Ecumenical Temple
  4706 | D:6      | Found a burning altar of Makhleb.
  4756 | D:6      | Found a transporter.
  4756 | D:6      | Noticed roninjake's ghost (novice GnCj)
  4763 | D:6      | Found a transporter.
  4772 | D:6      | Noticed a wraith
  4915 | D:6      | Reached skill level 12 in Ranged Weapons
  4940 | D:6      | Reached XP level 9. HP: 54/54 MP: 9/9
  4965 | D:6      | Noticed Blork the orc
  4971 | D:6      | Killed Blork the orc
  5150 | D:6      | Noticed Pikel
  5161 | D:6      | Killed Pikel
  5162 | D:6      | Reached skill level 14 in Ranged Weapons
  5473 | D:7      | Reached skill level 1 in Spellcasting
  5547 | D:7      | Found a flagged portal.
  5557 | Bailey   | Entered a bailey
  5723 | Bailey   | Gained mutation: You are vulnerable to cold. (rC-) [potion
                  | of mutation]
  5723 | Bailey   | Gained mutation: You are strong-willed. (Will+) [potion of
                  | mutation]
  5723 | Bailey   | Gained mutation: You are partially covered in iridescent
                  | scales. (AC +2) [potion of mutation]
  5723 | Bailey   | Gained mutation: You are robust. (+10% HP) [potion of
                  | mutation]
  5833 | Bailey   | Reached skill level 5 in Spellcasting
  5833 | Bailey   | Reached XP level 10. HP: 25/64 MP: 8/17
  6234 | D:7      | Found a blossoming altar of Fedhas.
  6701 | D:8      | Found Tenomi Tiorph's Armour Shop.
  6732 | D:8      | Found Zin's Purification Station.
  6733 | D:8      | Noticed Grum
  6756 | D:8      | Killed Grum
  6823 | D:8      | Found a glowing silver altar of Zin.
  6864 | D:8      | Identified the ring "Meassug" {rPois rCorr MP-9 Int+3}
  6881 | D:8      | Noticed Maurice
  6884 | D:8      | Killed Maurice
  6929 | D:8      | Found Niysuq's Magic Scroll Emporium.
  6934 | D:8      | Bought a scroll of identify for 26 gold pieces
  6934 | D:8      | Bought a scroll of identify for 26 gold pieces
  6934 | D:8      | Bought a scroll of identify for 26 gold pieces
  6934 | D:8      | Bought a scroll of identify for 26 gold pieces
  6934 | D:8      | Bought a scroll of identify for 26 gold pieces
  7036 | D:8      | Found Ceukix's Distillery.
  7039 | D:8      | Bought a potion of lignification for 48 gold pieces
  7230 | D:8      | Found Tanuf's Magic Scroll Emporium.
  7235 | D:8      | Bought a scroll of identify for 24 gold pieces
  7235 | D:8      | Bought a scroll of identify for 24 gold pieces
  7235 | D:8      | Bought a scroll of identify for 24 gold pieces
  7661 | D:9      | Reached skill level 15 in Ranged Weapons
  7884 | D:9      | Found Jeexat's General Store.
  7951 | D:9      | Reached XP level 11. HP: 74/74 MP: 11/20
  8099 | D:9      | Reached skill level 16 in Ranged Weapons
  8365 | D:9      | Found a hazy altar of Hepliaklqana.
  8485 | D:9      | Became a worshipper of Hepliaklqana the Forgotten
  8652 | D:10     | Entered Level 10 of the Dungeon
  8668 | D:10     | Got the Opusculum on Beckoning
  8801 | D:10     | Found a shimmering blue altar of Sif Muna.
  9243 | D:10     | Reached skill level 17 in Ranged Weapons
  9532 | D:11     | Noticed a two-headed ogre
  9538 | D:11     | Killed a two-headed ogre
  9600 | D:11     | Found a gate leading to a gauntlet.
  9606 | Gauntlet | Entered a Gauntlet
  9606 | Gauntlet | Found a large runed translucent door.
  9606 | Gauntlet | Found a large runed translucent door.
  9606 | Gauntlet | Found a large runed translucent door.
  9606 | Gauntlet | Found a large runed translucent door.
  9607 | Gauntlet | Reached * piety under Hepliaklqana
  9628 | Gauntlet | Noticed a brown ugly thing
  9628 | Gauntlet | Noticed a great orb of eyes
  9631 | Gauntlet | Found a transporter.
  9631 | Gauntlet | Noticed a purple ugly thing
  9667 | Gauntlet | Found a transporter.
  9679 | Gauntlet | Found a large runed translucent door.
  9679 | Gauntlet | Found a large runed translucent door.
  9681 | Gauntlet | Found a transporter.
  9683 | Gauntlet | Found a large runed translucent door.
  9683 | Gauntlet | Found a large runed translucent door.
  9694 | Gauntlet | Found a large runed translucent door.
  9708 | Gauntlet | Found a transporter.
  9708 | Gauntlet | Noticed a moth of wrath
  9726 | Gauntlet | Noticed a catoblepas
  9734 | Gauntlet | Found a transporter.
  9748 | Gauntlet | Found a transporter.
  9770 | Gauntlet | Found a transporter.
  9781 | Gauntlet | Found a large runed translucent door.
  9781 | Gauntlet | Found a large runed translucent door.
  9785 | Gauntlet | Found a transporter.
  9789 | Gauntlet | Found a transporter.
  9795 | Gauntlet | Noticed an oklob plant
  9796 | Gauntlet | Found a runed translucent gate.
  9796 | Gauntlet | Found a runed translucent gate.
  9796 | Gauntlet | Found a runed translucent gate.
  9821 | Gauntlet | Noticed an orange crystal statue
  9821 | Gauntlet | Found a transporter.
  9827 | Gauntlet | Noticed a soul eater
  9905 | Gauntlet | Killed an orange crystal statue
  9906 | Gauntlet | Reached skill level 18 in Ranged Weapons
  9908 | Gauntlet | Found a transporter.
 10127 | Gauntlet | Killed a brown ugly thing
 10135 | Gauntlet | Killed a brown ugly thing
 10136 | Gauntlet | Killed a great orb of eyes
 10141 | Gauntlet | Identified the ring "Qaadoeh" {Fly rElec}
 10229 | Gauntlet | Noticed a minotaur
 10238 | Gauntlet | Killed a minotaur
 10244 | Gauntlet | Identified the +2 leather armour "Vuzxitej" {rElec}
 10268 | D:11     | Noticed Erolcha
 10270 | D:11     | Killed Erolcha
 10271 | D:11     | Reached XP level 12. HP: 66/73 MP: 17/21
 10304 | D:11     | Found a staircase to the Lair.
 10330 | D:11     | Reached skill level 10 in Dodging
 10331 | D:11     | Noticed Psyche
 10334 | D:11     | Killed Psyche
 10335 | D:11     | Reached skill level 1 in Armour
 10339 | D:11     | Noticed Lodul
 10342 | D:11     | Killed Lodul
 10373 | D:11     | Found an ornate altar of the Wu Jian Council.
 10436 | D:11     | Found the +2 ratskin cloak {*Rats rPois rN+ Str-1 Int-1
                  | Dex+1}
 11013 | Lair:1   | Entered Level 1 of the Lair of Beasts
 11096 | Lair:1   | Reached skill level 5 in Armour
 11098 | Lair:1   | Reached skill level 1 in Evocations
 11301 | Lair:1   | Reached ** piety under Hepliaklqana
 11302 | Lair:1   | Remembered your ancestor Aula as a knight
 11425 | Lair:1   | Noticed Nergalle
 11429 | Lair:1   | Killed Nergalle
 11430 | Lair:1   | Reached skill level 5 in Evocations
 11518 | Lair:1   | Reached XP level 13. HP: 78/78 MP: 22/22
 12184 | Lair:2   | Noticed Erica
 12186 | Lair:2   | Killed Erica
 12257 | Lair:2   | Noticed Sonja
 12266 | Lair:2   | Reached skill level 10 in Evocations
 12266 | Lair:2   | Killed Sonja
 12279 | Lair:2   | Found a hole to the Spider Nest.
 12321 | Lair:2   | Reached skill level 5 in Invocations
 12695 | Lair:2   | Found a runed translucent door.
 12695 | Lair:2   | Found a shimmering altar of Xom.
 12695 | Lair:2   | Noticed avangion's ghost (journeyman DECj)
 12809 | Lair:2   | Found a staircase to the Shoals.
 12957 | Lair:2   | Reached *** piety under Hepliaklqana
 13042 | Lair:2   | Killed avangion's ghost
 13106 | Lair:3   | Reached XP level 14. HP: 84/84 MP: 23/23
 13919 | Lair:3   | Reached skill level 1 in Hexes
 13919 | Lair:3   | Reached skill level 1 in Transmutations
 14487 | Lair:4   | Reached **** piety under Hepliaklqana
 14878 | Lair:4   | Found a staircase to the Slime Pits.
 14879 | Lair:4   | Found a viscous altar of Jiyva.
 15105 | Lair:5   | Entered Level 5 of the Lair of Beasts
 15278 | Lair:5   | Reached skill level 5 in Hexes
 15338 | Lair:5   | Reached skill level 5 in Transmutations
 15511 | Lair:5   | Reached XP level 15. HP: 88/88 MP: 24/24
 15518 | Lair:5   | Learned a level 3 spell: Portal Projectile
 16018 | Lair:5   | Reached skill level 1 in Translocations
 16236 | Lair:5   | Reached skill level 5 in Translocations
 16433 | Lair:5   | Identified a scroll of acquirement
 16434 | Lair:5   | Acquired the amulet of Yradabb {Regen+ Str+8}
 16697 | Lair:5   | Identified the staff of conjuration "Maill" {Contam rPois
                  | Str+5}
 17415 | D:12     | Reached ***** piety under Hepliaklqana
 17870 | D:12     | Found a staircase to the Orcish Mines.
 18385 | Orc:1    | Entered Level 1 of the Orcish Mines
 18642 | Orc:2    | Entered Level 2 of the Orcish Mines
 18657 | Orc:2    | Found Jigemyic's Antique Weapon Boutique.
 18670 | Orc:2    | Found a staircase to the Elven Halls.
 18699 | Orc:2    | Found a dark tunnel.
 18706 | Volcano  | Entered a volcano
 18778 | Volcano  | Reached skill level 19 in Ranged Weapons
 18783 | Volcano  | Learned a level 4 spell: Leda's Liquefaction
 18789 | Volcano  | Learned a level 5 spell: Summon Mana Viper
 18799 | Volcano  | Reached skill level 1 in Earth Magic
 18963 | Volcano  | Reached XP level 16. HP: 93/93 MP: 25/25
 19325 | Orc:2    | Reached skill level 5 in Earth Magic
 19371 | Orc:2    | Noticed Jorgrun
 19380 | Orc:2    | Killed Jorgrun
 20116 | Orc:2    | Found Cemy's Distillery.
 20117 | Orc:2    | Found Weul's Armour Shop.
 20118 | Orc:2    | Found Wext's Jewellery Shop.
 20118 | Orc:2    | Found Bach's Armour Shop.
 20128 | Orc:2    | Bought a potion of haste for 150 gold pieces
 20128 | Orc:2    | Bought 2 potions of heal wounds for 150 gold pieces
 20288 | Shoals:1 | Entered Level 1 of the Shoals
 20382 | Shoals:1 | Reached skill level 1 in Summonings
 20510 | Shoals:1 | Noticed Frances
 20516 | Shoals:1 | Killed Frances
 20768 | Shoals:1 | Reached skill level 5 in Summonings
 21431 | Shoals:2 | Noticed a kraken
 21448 | Shoals:2 | Killed a kraken
 21461 | Shoals:2 | Reached XP level 17. HP: 43/97 MP: 14/26
 21732 | Shoals:2 | Killed from afar by a frost giant

Illustrated notes

Levels and vault maps discovered:
D:1:      dpeg_cavernosity, layout_loops_ring, minmay_tromino_v4_c
D:2:      layout_basic, minmay_misc_feat_cross, uniq_jessica, uniq_sigmund
D:3:      layout_basic, elyvilon_altar_5, serial_shops, shop,
          nicolae_shop_waterfront, shop, chequers_mini_garden
D:4:      layout_loops_ring, chei_slow_surprise, uniq_crazy_yiuf_cottage
D:5:      layout_basic, nicolae_ru_awakened_eye, nicolae_uskayaw_en_pointe,
          kennysheep_decorative_pillar, uniq_eustachio
D:6:      layout_loops_ring, mainiacjoe_overflow_boulevard,
          minmay_temple_entry_proselytizer, gammafunk_ghost_arena,
          uniq_blork_the_orc, uniq_pikel
D:7:      layout_rooms, mainiacjoe_overflow_six_doors_small, serial_curves,
          eino_curves_04, eino_curves_03, enter_bailey_2
D:8:      layout_basic, zin_purify, serial_shops, nicolae_shop_hallway_stairs,
          shop, nicolae_stop_n_shop_2, nicolae_square_shop, serial_corexii_hall,
          corexii_hall_statues_u, corexii_hall_statues_t,
          chequers_hall_statues_wall_a, uniq_grum, uniq_maurice
D:9:      layout_loops_ring, kennysheep_mini, serial_shops, shop, serial_glass,
          glass_columns_a, glass_columns_b
D:10:     layout_basic, mainiacjoe_overflow_24_doors
D:11:     layout_irregular_city, lair_entry_dummy, gauntlet_entry_generic,
          nicolae_wu_jian_wuxing_cycle, uniq_erolcha, uniq_psyche, uniq_lodul
D:12:     layout_long_grid, kennysheep_orc_monster_closet_entryway
Temple:   nicolae_temple_bog_church
Lair:1:   wad_woods_minihive, layout_cave_pods, beast_lair_carwin_4,
          uniq_nergalle
Lair:2:   layout_misc_corridors, minmay_shoals_entry_hut,
          nicolae_spider_entry_lesser_pyramids, ebering_ghost_xom,
          pdpol_lair_neglected_garden, uniq_sonja, uniq_erica
Lair:3:   layout_misc_corridors, serial_bayou_pond_b, st_stairs_8,
          lemuel_fruit_tree, serial_bayou_shore_a
Lair:4:   layout_regular_city, slime_entry_1, chequers_serial_rivers_micro_b,
          infiniplex_staircase_pool_2
Lair:5:   evilmike_catoblepas_cave, layout_cellular_growth,
          chequers_serial_rivers_micro_e, kilobyte_rumbling_trees,
          lemuel_fruit_fields
Shoals:1: layout_shoals, nicolae_shoals_shepherds, uniq_frances
Shoals:2: cheibrodos_shoals_gigantism, layout_shoals, nicolae_take_the_stairs
Orc:1:    layout_caves, nicolae_orc_lava_tube
Orc:2:    st_orc_pillars, layout_diamond_mine, nicolae_volcano_entry_hallway,
          basic_altar, serial_shops, shop, uniq_jorgrun

Skill      XL: |  1  2  3  4  5  6  7  8  9 10 11 12 13 14 15 16 |
---------------+-------------------------------------------------+-----
Fighting       | 3 4 5 8 |  8.0
Ranged Weapons | 7 9 10 12 14 15 18 19 | 19.0
Dodging        | 4 6 9 10 11 14 | 14.0
Spellcasting   | 5 6 |  6.0
Armour         | 5 |  5.0
Evocations     | 8 10 | 10.0
Invocations    | 9 |  9.0
Hexes          | 5 7 |  7.1
Transmutations | 5 7 |  7.1
Translocations | 6 |  6.7
Earth Magic    | 3 7 |  7.9
Summonings     | 8 |  8.9
Stealth        | |  1.3

Action                     |  1- 3 |  4- 6 |  7- 9 | 10-12 | 13-15 | 16-18 || total
---------------------------+-------+-------+-------+-------+-------+-------++-------
  Melee: Arbalest          |       |       |       |     3 |       |       ||     3
   Fire: Shortbow          |    63 |    34 |       |       |       |       ||    97
         Arbalest          |       |    11 |   209 |   417 |   717 |   301 ||  1655
   Cast: Portal Projectile |       |       |       |       |     9 |    10 ||    19
         Leda's Liquefacti |       |       |       |       |       |     3 ||     3
 Invoke: Ancestor Life: Kn |       |       |       |     1 |       |       ||     1
         Idealise          |       |       |       |       |     1 |       ||     1
  Evoke: Phantom mirror    |       |       |       |     1 |       |       ||     1
         Tin of tremorston |       |       |       |       |       |     2 ||     2
         Box of beasts     |       |       |       |       |       |     1 ||     1
    Use: Scroll            |     6 |     4 |     3 |    20 |     5 |     2 ||    40
         Potion            |       |       |     4 |     3 |     1 |     3 ||    11
 Armour: Leather armour    |     1 |     4 |    31 |    15 |       |       ||    51
         Troll leather arm |       |       |       |    34 |    88 |    24 ||   146
         Acid dragon scale |       |       |       |     7 |       |       ||     7
  Dodge: Dodged            |    19 |    10 |   166 |   369 |   394 |   132 ||  1090

Table legend: (Time is in decaauts)
 A = Elapsed time spent in this place.
 B = Non-inter-level travel time spent in this place.
 C = Inter-level travel time spent in this place.
 D = Time resting spent in this place.
 E = Time spent auto-exploring this place.
 F = Levels seen in this place.
 G = Mean time per level.
                   A        B        C        D        E       F      G
               +--------+--------+--------+--------+--------+-----+--------+
         Total |  22169 |  21044 |   1125 |   2387 |  15146 |  25 |  886.8 |
       Dungeon |  10770 |  10118 |    652 |    667 |   8070 |  12 |  897.5 |
        Temple |    345 |    327 |     18 |      0 |    313 |   1 |  345.0 |
          Lair |   6383 |   6040 |    343 |    747 |   4249 |   5 | 1276.6 |
        Shoals |   1616 |   1589 |     27 |     25 |   1285 |   2 |  808.0 |
  Orcish Mines |   1530 |   1448 |     82 |    443 |    725 |   2 |  765.0 |
        Bailey |    590 |    590 |      0 |    304 |    156 |   1 |  590.0 |
       Volcano |    296 |    296 |      0 |      0 |    179 |   1 |  296.0 |
      Gauntlet |    636 |    636 |      0 |    201 |    169 |   1 |  636.0 |
               +--------+--------+--------+--------+--------+-----+--------+

Top non-repeatable levels by time:
  Lair:5: 2134 daAuts
   Orc:2: 1264 daAuts
     D:9: 1216 daAuts
  Lair:1: 1202 daAuts
  Lair:4: 1196 daAuts
     D:4: 1175 daAuts
    D:12: 1128 daAuts
Shoals:1: 953 daAuts
    D:11: 946 daAuts
  Lair:2: 943 daAuts
     D:1: 924 daAuts
  Lair:3: 906 daAuts
     D:2: 880 daAuts
    D:10: 820 daAuts
     D:6: 815 daAuts
